 Dungeon Crawl Stone Soup version 0.28-a0-1159-g27aa881441 (webtiles) character file.

Game seed: 7241413709156655203

20 avis the Insei (level 2, -4/26 HPs)
             Began as a Hill Orc Monk on Dec 16, 2021.
             Slain by a goblin (6 damage)
             ... led by Robin
             ... on level 2 of the Dungeon.
             The game lasted 00:03:59 (866 turns).

avis the Insei (Hill Orc Monk)                       Turns: 866, Time: 00:03:59

Health: -4/26      AC:  2    Str: 13    XL:     2   Next: 79%
Magic:  2/2        EV: 12    Int: 10    God:
Gold:   0          SH:  0    Dex: 13    Spells: 1/1 levels left

rFire   . . .      SeeInvis .     - Unarmed
rCold   . . .      Faith    .   (no shield)
rNeg    . . .      Spirit   .   a - +0 robe
rPois   .          Reflect  .   (no helmet)
rElec   .          Harm     .   (no cloak)
rCorr   .          Rampage  .   (no gloves)
Will    .....                   (no boots)
Stlth   ++........              (no amulet)
HPRegen 0.08/turn               (no ring)
MPRegen 0.08/turn               (no ring)

@: no status effects
A: no striking features
a: no special abilities


You were on level 2 of the Dungeon.
You visited 1 branch of the dungeon, and saw 2 of its levels.

Inventory:

Missiles
 b - 19 arrows
 d - 25 stones (quivered)
Armour
 a - a +0 robe (worn)
Scrolls
 e - a scroll of immolation {unknown}
 g - a scroll of enchant weapon {unknown}
 h - a scroll of teleportation {unknown}
Potions
 c - a potion of curing {unknown}
 f - a potion of might {unknown}


   Skills:
 - Level 3.6 Fighting
 - Level 2.4 Dodging
 - Level 1.5 Stealth
 * Level 4.4 Unarmed Combat


You had one spell level left.
You didn't know any spells.
Your spell library was empty.

Dungeon Overview and Level Annotations

Branches:
Dungeon (2/15)

Altars:

Shops:
D:1 !=!*

Annotations:
D:2 Robin, Terence


Message History

You closely miss the bat.
The bat is severely wounded.
The bat misses you. x2
You hit the bat.
You kill the bat!
g - a scroll labelled PAQYIR ULEBIDOMP
h - a scroll labelled PYLUUH GU EQO
There is an open door here.
There is an open door here.
The kobold hits you with a +0 short sword.
You hit the kobold.
You kill the kobold!
You see here a +0 short sword.
There is an open door here.
There is an open door here.
There is a stone staircase leading down here.
Done exploring.
Done exploring.
You see here a +0 dagger.
There is a stone staircase leading down here.
You climb downwards.
There is a stone staircase leading up here.
You climb upwards.
There is a stone staircase leading down here.
There is a stone staircase leading down here.
You climb downwards.
Level annotation: Terence Robin shouts!
The goblin shouts! x3; The hobgoblin shouts!
The goblin shouts! x4
The goblin closely misses you. The goblin hits you with a +0 club.
Robin roars a battlecry!
The goblins go into a battle-frenzy!
The goblin hits you with a +0 club. The goblin hits you with a +0 dagger.
The hobgoblin completely misses you. The goblin misses you.
The goblin barely misses you. x2; The goblin hits you with a +0 club.
Found a scroll labelled FYLEUC TUUBE.
There is a stone staircase leading up, spattered with blood here.
The hobgoblin hits you. The goblin hits you with a +0 club.
* * * LOW HITPOINT WARNING * * *
The goblin hits you with a +0 dagger.
You die...

##### #...#
#...# #..?#
#..##ggg#
#...g@.#
###gggg#
#...gg.#
...#.g..#
...##......
## #.#####.
.. #. #.#
..


You could see Robin, 3 hobgoblins and 7 goblins.

Vanquished Creatures
  An endoplasm (D:1)
  3 goblins (D:1)
  2 hobgoblins
  2 jackals (D:1)
  A quokka (D:1)
  A ball python (D:1)
  2 bats (D:1)
  3 frilled lizards (D:1)
  2 kobolds (D:1)
  3 rats (D:1)
20 creatures vanquished.

Notes
Turn   | Place    | Note
-------+----------+-------------------------------------------
     0 | D:1      | avis the Hill Orc Monk began the quest for the Orb.
     0 | D:1      | Reached XP level 1. HP: 19/19 MP: 1/1
    98 | D:1      | You fall into a shaft and drop 1 floor!
    98 | D:2      | Found a faded altar of an unknown god.
   209 | D:1      | Found Podwiops's General Store.
   231 | D:1      | Found Yfitesm's Distillery.
   246 | D:1      | Reached XP level 2. HP: 26/26 MP: 2/2
   297 | D:1      | Found Qica's Jewellery Shoppe.
   319 | D:1      | Reached skill level 4 in Unarmed Combat
   415 | D:1      | Found Peuf's Distillery.
   838 | D:2      | Noticed Terence
   865 | D:2      | Noticed Robin
   866 | D:2      | Slain by a goblin

Illustrated notes

Levels and vault maps discovered:
D:1:      ncdulo_smallfort, layout_loops_cross, serial_shops,
          nicolae_shop_hallway_plus, shop_statue, nicolae_diamond_shop,
          nicolae_shop_statue_plus
D:2:      layout_rooms, shapermc_ecumenical_altar_notcrosses, uniq_terence,
          uniq_robin

Skill      XL: |  1  2 |
---------------+-------+-----
Unarmed Combat | 4 |  4.4
Fighting       | |  3.6
Dodging        | |  2.4
Stealth        | |  1.5

Action                   || total
-------------------------++-------
Melee: Unarmed           ||    62
 Stab: Sleeping          ||     2
Armor: Robe              ||     5
Dodge: Dodged            ||    52

Table legend: (Time is in decaauts)
 A = Elapsed time spent in this place.
 B = Non-inter-level travel time spent in this place.
 C = Inter-level travel time spent in this place.
 D = Time resting spent in this place.
 E = Time spent auto-exploring this place.
 F = Levels seen in this place.
 G = Mean time per level.
                   A        B        C        D        E       F      G
               +--------+--------+--------+--------+--------+-----+--------+
         Total |    864 |    812 |     52 |    135 |    431 |   2 |  432.0 |
       Dungeon |    864 |    812 |     52 |    135 |    431 |   2 |  432.0 |
               +--------+--------+--------+--------+--------+-----+--------+

Top non-repeatable levels by time:
     D:1: 759 daAuts
     D:2: 104 daAuts
